 Dungeon Crawl Stone Soup version 0.31.0-11-ge490571c62 (webtiles) character file.

Game seed: 16420731449501768619

537969 RepHenryClay the Impregnable (level 25, -6/237 HPs)
             Began as a Ghoul Gladiator on Jan 28, 2024.
             Was the Champion of Okawaru.
             Mangled by a tentacled monstrosity (10 damage)
             ... on level 2 of the Realm of Zot on Jan 29, 2024.
             The game lasted 03:40:28 (72102 turns).

RepHenryClay the Impregnable (Ghoul Gladiator)     Turns: 72102, Time: 03:40:28

Health: -6/237     AC: 39    Str: 24    XL:     25   Next: 88%
Magic:  38/39      EV: 25    Int:  6    God:    Okawaru [******]
Gold:   4028       SH: 19    Dex: 21    Spells: 22/24 levels left

rFire   + . .        b - +9 eveningstar (vamp)
rCold   + . .        K - +2 kite shield {reflect}
rNeg    + + +        t - +9 plate armour of Spite {rElec rPois rN+ Str-3}
rPois   ∞            w - +3 hat of True Grit {MP+9 Str+3 Int+4}
rElec   +            l - scarf {shadows}
rCorr   +            n - +0 pair of gloves "Zatac" {rCorr}
SInv    +            R - +1 pair of boots of the Blacksmith {Will+++ Int-5}
Will    ++++.        T - amulet of regeneration Stlth
                     S - +5 ring of evasion
HPRegen 0.00/turn    B - ring "Iptyrph" {rF+ Dex+5 SInv}
MPRegen 0.26/turn

%: reflection
@: heroic, inhibited regen, slowed, very slow
A: claws 1, cold resistance 1, negative energy resistance 3, inhibited
regeneration, torment resistance 2, devour on kill
}: 3/15 runes: serpentine, barnacled, slimy
a: Renounce Religion, Heroism, Finesse, Duel


You were on level 2 of the Realm of Zot.
You worshipped Okawaru.
Okawaru was exalted by your worship.
You visited 11 branches of the dungeon, and saw 49 of its levels.
You visited the Abyss 3 times.
You visited 1 bazaar.
You also visited: Trove, Ice Cave and Wizlab.

You collected 7600 gold pieces.
You spent 3572 gold pieces at shops.

Inventory:

Hand Weapons
 b - a +9 vampiric eveningstar (weapon)
Missiles
 d - 9 throwing nets
 H - 39 javelins (quivered)
 V - 24 silver javelins
 Z - 9 darts of dispersal
Armour
 a - the +4 pair of gloves of Elimafos {rF+}
   (You found it in a treasure trove)

   rF+:       It protects you from fire.
 l - a scarf of shadows (worn)
 n - the +0 pair of gloves "Zatac" (worn) {rCorr}
   (You found it in a treasure trove)

   rCorr:     It protects you from acid and corrosion.
 t - the +9 plate armour of Spite (worn) {rElec rPois rN+ Str-3}
   (You bought it in a shop on level 6 of the Dungeon)

   Str-3:     It affects your strength (-3).
   rElec:     It insulates you from electricity.
   rPois:     It protects you from poison rN+: It protects you from negative
   energy.
 w - the +3 hat of True Grit (worn) {MP+9 Str+3 Int+4}
   (You found it in a wizard's laboratory)

   Str+3:     It affects your strength (+3).
   Int+4:     It affects your intelligence (+4).
   MP+9:      It affects your magic capacity (+9).
 K - a +2 kite shield of reflection (worn)
 R - the +1 pair of boots of the Blacksmith (worn) {Will+++ Int-5}
   (You acquired it on level 4 of the Snake Pit)

   Int-5:     It affects your intelligence (-5).
   Will+++:   It greatly increases your willpower.
 U - the +2 pair of slick slippers {slick, slippery, EV+4}
   (Okawaru gifted it to you on level 4 of the Lair of Beasts)

   Slick:     Its wearer cannot be constricted, engulfed, netted or webbed.
   Slippery:  Its wearer slips away from damaging melee attacks, pulling the
   attacker onward.
   EV+4:      It affects your evasion (+4).
Jewellery
 c - the ring "Qyumimm" {*Slow rC+ rN++ EV+5 SInv}
   (You found it on level 13 of the Dungeon)

   [ring of evasion]

   EV+5:      It affects your evasion (+5).
   rC+:       It protects you from cold.
   rN++:      It greatly protects you from negative energy.
   SInv:      It lets you see invisible.
   *Slow:     It may slow you when you take damage.
 g - the ring of Buxai {Will+ AC+4}
   (You took it off a deep elf sorcerer on level 3 of the Elven Halls)

   [ring of protection]

   AC+4:      It affects your AC (+4).
   Will+:     It increases your willpower.
 A - a ring of fire
 B - the ring "Iptyrph" (right hand) {rF+ Dex+5 SInv}
   (You found it in a wizard's laboratory)

   [ring of protection from fire]

   Dex+5:     It affects your dexterity (+5).
   rF+:       It protects you from fire.
   SInv:      It lets you see invisible.
 C - a ring of protection from fire
 L - the amulet of Ceut {rElec rPois Regen+ Str-5}
   (You found it on level 5 of the Pits of Slime)

   [amulet of regeneration]

   Str-5:     It affects your strength (-5).
   rElec:     It insulates you from electricity.
   rPois:     It protects you from poison Regen+: It increases your rate of
   health regeneration.
 M - the ring of Ablaniarorph {Fly rC+ Int+2}
   (You found it in a wizard's laboratory)

   [ring of flight]

   Int+2:     It affects your intelligence (+2).
   rC+:       It protects you from cold.
   Fly:       It grants you flight.
 N - the ring of Surprise {Fly rPois rCorr Str-2}
   (You bought it in a shop on level 4 of the Snake Pit)

   [ring of flight]

   Str-2:     It affects your strength (-2).
   rPois:     It protects you from poison Fly: It grants you flight.
   rCorr:     It protects you from acid and corrosion.
 S - a +5 ring of evasion (left hand)
 T - an amulet of regeneration (around neck)
 W - an amulet of reflection
Wands
 v - a wand of mindburst (1)
 E - a wand of light (24)
 G - a wand of iceblast (31)
 O - a wand of digging (13)
Scrolls
 f - 9 scrolls of teleportation
 h - 3 scrolls of butterflies
 o - 10 scrolls of fear
 p - 8 scrolls of immolation
 s - 9 scrolls of enchant armour
 F - 8 scrolls of fog
 I - a scroll of revelation
 Q - 6 scrolls of blinking
 X - 2 scrolls of torment
Potions
 e - 3 potions of enlightenment
 i - 4 potions of cancellation
 j - 3 potions of haste
 k - 9 potions of curing
 m - 8 potions of heal wounds
 q - 2 potions of ambrosia
 r - 2 potions of invisibility
 u - 2 potions of resistance
 x - 5 potions of might
 z - 4 potions of magic
Miscellaneous
 y - a phial of floods
 D - a lightning rod (4/4)
 P - a condenser vane (inert)


   Skills:
 - Level 21.8(26.8) Fighting
 - Level 16.0(21.0) Maces & Flails
 - Level 16.0(21.0) Throwing
 - Level 22.1(27) Armour
 - Level 14.7(19.7) Dodging
 - Level 15.0(20.0) Shields
 + Level 1.1 Translocations
 - Level 10.0 Invocations
 - Level 10.0 Evocations


You had 22 spell levels left.
You knew the following spells:

 Your Spells              Type           Power      Damage    Failure   Level
a - Blink                 Tloc           2%         N/A       91%         2

Your spell library contained the following spells:

 Spells                   Type           Power      Damage    Failure   Level
 Foxfire                  Conj/Fire      0%         2x1d4     91%         1
 Magic Dart               Conj           0%         1d3       91%         1
 Necrotise                Necr           0%         1d4       91%         1
 Slow                     Hex            0%         N/A       91%         1
 Sting                    Conj/Alch      0%         1d3       91%         1
 Lesser Beckoning         Tloc           2%         N/A       91%         2
 Cigotuvi's Dreadful Rot  Necr/Alch/Air  0%         N/A       97%         2
 Ensorcelled Hibernation  Hex/Ice        0%         N/A       97%         2
 Jinxbite                 Hex            0%         N/A       97%         2
 Mercury Vapours          Alch/Air       0%         N/A       97%         2
 Searing Ray              Conj           0%         2d4       97%         2
 Static Discharge         Conj/Air       0%         3-3/arc   97%         2
 Gell's Gravitas          Tloc           1%         N/A       99%         3
 Teleport Other           Tloc           1%         N/A       99%         3
 Volatile Blastmotes      Fire/Tloc      0%         2d10      99%         3
 Confusing Touch          Hex            0%         N/A       100%        3
 Dazzling Flash           Conj/Hex       0%         N/A       100%        3
 Fugue of the Fallen      Necr           0%         N/A       100%        3
 Inner Flame              Hex/Fire       0%         N/A       100%        3
 Mephitic Cloud           Conj/Alch/Air  0%         N/A       100%        3
 Sigil of Binding         Hex            0%         N/A       100%        3
 Stone Arrow              Conj/Erth      0%         3d7       100%        3
 Vampiric Draining        Necr           0%         2d6       100%        3
 Airstrike                Air            0%         2d(0-16)  100%        4
 Anguish                  Hex/Necr       0%         N/A       100%        4
 Brom's Barrelling Bould  Conj/Erth      0%         2d3       100%        4
 Dimensional Bullseye     Hex/Tloc       0%         N/A       100%        4
 Flame Wave               Conj/Fire      0%         2d4       100%        4
 Fulminant Prism          Conj/Alch      0%         3d5       100%        4
 Iskenderun's Mystic Bla  Conj/Tloc      0%         2d3       100%        4
 Passage of Golubria      Tloc           1%         N/A       100%        4
 Alistair's Intoxication  Alch           0%         N/A       100%        5
 Borgnjor's Vile Clutch   Necr/Erth      0%         N/A       100%        5
 Curse of Agony           Necr           0%         N/A       100%        5
 Fireball                 Conj/Fire      0%         3d3       100%        5
 Freezing Cloud           Conj/Ice/Air   0%         6-21      100%        5
 Iskenderun's Battlesphe  Conj           0%         2d6       100%        5
 Metabolic Englaciation   Hex/Ice        0%         N/A       100%        5
 Silence                  Hex/Air        0%         N/A       100%        5
 Yara's Violent Unravell  Hex/Alch       0%         3d3       100%        5
 Conjure Ball Lightning   Conj/Air       0%         3x3d6     100%        6
 Eringya's Noxious Bog    Alch           0%         4d6       100%        6
 Plasma Beam              Fire/Air       0%         2x1d10    100%        6
 Starburst                Conj/Fire      0%         6d3       100%        6
 Enfeeble                 Hex            0%         N/A       100%        7
 Orb of Destruction       Conj           0%         9d5       100%        7
 Ozocubu's Refrigeration  Ice            0%         4d7       100%        7
 Disjunction              Tloc           0%         N/A       100%        8
 Lehudib's Crystal Spear  Conj/Erth      0%         10d2      100%        8
 Chain Lightning          Conj/Air       0%         N/A       100%        9
 Fire Storm               Conj/Fire      0%         5d1       100%        9
 Polar Vortex             Ice            0%         N/A       100%        9
 Shatter                  Erth           0%         3d5*      100%        9
 Call Imp                 Summ           Unusable   N/A       N/A         2
 Call Canine Familiar     Summ           Unusable   N/A       N/A         3
 Summon Ice Beast         Ice/Summ       Unusable   N/A       N/A         3
 Animate Armour           Summ/Erth      Unusable   N/A       N/A         4
 Martyr's Knell           Necr/Summ      Unusable   N/A       N/A         4
 Summon Lightning Spire   Summ/Air       Unusable   N/A       N/A         4
 Summon Forest            Summ/Tloc      Unusable   N/A       N/A         5
 Summon Mana Viper        Hex/Summ       Unusable   N/A       N/A         5
 Sculpt Simulacrum        Ice/Alch       Unusable   N/A       N/A         6
 Monstrous Menagerie      Summ           Unusable   N/A       N/A         7

Dungeon Overview and Level Annotations

Branches:
Dungeon (15/15)            Temple (1/1) D:7            Lair (5/5) D:9
 Shoals (4/4) Lair:3        Snake (4/4) Lair:2        Slime (5/5) Lair:5
    Orc (2/2) D:11            Elf (3/3) Orc:2        Vaults (4/5) D:14
  Crypt (0/3) Vaults:2     Depths (4/4) D:15            Zot (2/5) Depths:4
  IceCv (visited)          WizLab (visited)

Altars:
Ashenzari
Cheibriados
Dithmenos
Fedhas
Gozag
Hepliaklqana
Kikubaaqudgha
Makhleb
Nemelex Xobeh
Okawaru
Qazlal
Ru
Sif Muna
Trog
Uskayaw
Vehumet
Wu Jian
Xom
Yredelemnul
Jiyva
Lugonu

Shops:
D:1 (   D:6 [   D:8 !   Orc:2 =(((   Elf:3 (   Shoals:3 *   Snake:1 (((
Snake:2 ?   Snake:3 :   Snake:4 =(!   Vaults:2 (   Depths:1 :==   Depths:2 =

Portals:
Hell: Depths:1 Depths:2 Depths:3 Depths:4
Abyss: Lair:5 Depths:3 Depths:4
Pandemonium: Depths:1 Depths:2 Depths:4
Ziggurat: Depths:1

Annotations:
D:10 exclusion: 2 orange crystal statues
Lair:2 unfinished
Lair:3 1 runed translucent door, Deed's ghost, journeyman MiFi
Shoals:1 3 runed translucent doors, archon2's ghost, adept DEFE
Snake:4 1 runed translucent door, wjtupper's ghost, adept MiHu
Elf:1 1 runed translucent door, DocClef's ghost, adept GnFi
Zot:1 2 transporters amulet, GloriousHammer's ghost, master FoDe


Innate Abilities, Weirdness & Mutations

You are immune to poison.
You have sharp fingernails.
Your flesh is cold resistant. (rC+)
You are immune to negative energy. (rN+++)
You do not regenerate when monsters are visible.
You are immune to unholy pain and torment.
You thrive by killing the living.


Message History

The tentacled monstrosity tentacle-slaps you.
* * * LOW HITPOINT WARNING * * *
The tentacled monstrosity barely misses you.
The tentacled monstrosity misses you.
The tentacled monstrosity constricts you.
You block the tentacled monstrosity's attack.
The tentacled monstrosity tentacle-slaps you!
* * * LOW HITPOINT WARNING * * *
You block the tentacled monstrosity's attack.
The tentacled monstrosity constricts you.
Huge Dmg: -9%(-23hp) hp: 9%(19hp) Welcome back, RepHenryClay the Ghoul Gladiator.
Okawaru says: Bring me glory in combat!
Press ? for a list of commands and other information.
Unknown command.
Unknown command.
Blink to where?
Press: ? - help, Dir - move target The tentacled monstrosity's grasp on you weakens, but your attempt to escape fails.
As you read the scroll of blinking, it crumbles to dust.
You block the tentacled monstrosity's attack. x2
The tentacled monstrosity completely misses you.
The tentacled monstrosity constricts you.
You block the tentacled monstrosity's attack.
The tentacled monstrosity tentacle-slaps you!
* * * LOW HITPOINT WARNING * * *
The tentacled monstrosity tentacle-slaps you!
* * * LOW HITPOINT WARNING * * *
The tentacled monstrosity constricts you.
Huge Dmg: -7%(-15hp) hp: 2%(4hp) Welcome back, RepHenryClay the Ghoul Gladiator.
Okawaru says: Bring me glory in combat!
Press ? for a list of commands and other information.
Blink to where?
Press: ? - help, Dir - move target You escape the tentacled monstrosity's grasp.
As you read the scroll of blinking, it crumbles to dust.
The tentacled monstrosity misses you.
The tentacled monstrosity tentacle-slaps you!
You die...

#####
##...##
##.....##
##@X.X.†.#
##....#§.##
#....#####
#..<##
#....#
#..!.##
#.⌠..#
....# ?..#


You could see 2 tentacled monstrosities.

Vanquished Creatures
  the Royal Jelly (Arena)
  A dread lich (Abyss:3)
  A juggernaut (Depths:3)
  Saint Roka (Vaults:1)
  Boris (twice) (Vaults:1 Vaults:4)
  A shard shrike (IceCv)
  5 bone dragons
  Norris (Vaults:1)
  2 golden dragons
  A hellephant (Abyss:3)
  A lich (Vaults:3)
  3 tentacled monstrosities
  A titan (Vaults:3)
  2 deep elf master archers (Elf:3)
  A moon troll (WizLab)
  2 sphinxes
  2 deep elf blademasters (Elf:3)
  9 tentacled starspawn
  2 death cobs
  14 acid blobs
  4 shadow dragons
  4 tengu reavers
  An Executioner (Abyss:3)
  Kirke (Shoals:1)
  4 storm dragons
  Ilsuiw (Shoals:3)
  7 nagarajas
  Donald (Vaults:4)
  12 rockslimes
  4 deep elf sorcerers (Elf:3)
  4 fire giants
  13 azure jellies
  2 draconian monks
  2 draconian shifters
  3 frost giants
  An iron dragon (Depths:1)
  12 vault wardens
  5 deep elf elementalists
  A draconian scorcher (Zot:1)
  2 cacodemons
  A draconian knight (Depths:4)
  A balrug (Abyss:3)
  2 orc warlords
  2 ghouls (Vaults:2)
  A draconian stormcaller (Depths:4)
  10 quicksilver oozes
  2 spriggan defenders (Depths:4)
  7 ironbound thunderhulks
  A caustic shrike skeleton (Abyss:3)
  16 ironbound preservers
  A starflower (Abyss:3)
  A draconian annihilator (Depths:4)
  A green draconian (Depths:4)
  40 very ugly things
  18 stone giants
  2 black draconians
  3 vampire knights
  Nessos (Lair:4)
  9 formless jellyfish
  The ghost of Drazool the Toxicologist, a journeyman SpAl of Sif Muna (Orc:2)
  10 deep elf death magi
  2 yellow draconians (Depths:4)
  7 deep elf demonologists
  7 deep elf annihilators
  An eleionoma (Abyss:3)
  13 dire elephants
  3 war gargoyles
  12 spark wasps
  2 purple draconians
  5 white draconians
  A red draconian (Zot:1)
  3 jiangshi (Depths:1)
  A crystal guardian (WizLab)
  4 deep elf high priests
  5 ettins
  5 merfolk impalers
  A blizzard demon (Depths:1)
  2 entropy weavers (Abyss:3)
  7 fire dragons
  10 yaktaur captains
  16 great orbs of eyes
  6 merfolk javelineers
  9 rakshasas
  A hell beast (Depths:3)
  8 vault guards
  7 hydras
  5 ice dragons
  2 salamander tyrants
  A spriggan skeleton (Depths:2)
  2 peacekeepers
  A catoblepas (Lair:2)
  3 merfolk avatars
  An alligator (Shoals:4)
  5 merfolk aquamancers (Shoals:4)
  An ogre mage (D:15)
  5 spriggan air magi
  14 centaur warriors
  8 deep troll shamans
  A two-headed ogre (shapeshifter) (Vaults:3)
  21 dancing weapons
  7 ironbound frosthearts
  5 satyrs
  8 boulder beetles
  12 two-headed ogres
  9 tengu warriors
  4 alligator snapping turtles
  11 anacondas
  5 deep troll earth magi
  13 naga warriors
  An occultist (D:15)
  9 orc high priests
  6 shock serpents
  3 spriggan berserkers
  11 sun demons
  10 thrashing horrors
  2 vampire magi (Depths:1)
  14 naga sharpshooters
  3 soul eaters
  A hell knight (D:15)
  Amaemon (D:9)
  13 deep elf knights
  7 salamander mystics
  3 sixfirhies
  4 wretched stars
  9 iron trolls
  A golden dragon zombie (Depths:2)
  4 skysharks (Vaults:1)
  A goliath frog (Shoals:4)
  13 mana vipers
  A shadow demon (Depths:1)
  6 naga ritualists
  10 glowing orange brains
  13 large abominations
  17 harpies
  45 deep trolls
  3 flayed ghosts
  A phantasmal warrior (Abyss:3)
  9 sea snakes
  3 arcanists
  5 lindwurms
  A tengu zombie (Depths:2)
  15 orc knights
  3 orange crystal statues
  11 deep elf archers
  Pikel (D:6)
  A golden dragon skeleton (Depths:2)
  15 ironbound convokers
  4 necromancers
  7 shining eyes
  10 manticores
  7 cyclopes
  35 deep elf zephyrmancers
  8 orc sorcerers
  A tengu skeleton (Depths:2)
  A will-o-the-wisp (Abyss:3)
  A wolf spider (D:15)
  16 deep elf pyromancers
  46 ugly things
  11 fauns
  22 salamanders
  A stone giant skeleton (Depths:2)
  7 moths of wrath
  A manticore (shapeshifter) (Depths:2)
  An apocalypse crab (D:13)
  16 vault sentinels
  6 guardian serpents
  A kobold blastminer (Orc:1)
  A human skeleton (Vaults:1)
  21 naga magi
  5 water nymphs
  26 black mambas
  10 merfolk sirens
  2 orange demons
  2 gargoyles
  18 cane toads
  A frost giant skeleton (Depths:2)
  18 rime drakes
  4 smoke demons
  12 eyes of devastation
  4 unseen horrors
  A human zombie (Vaults:1)
  Maggie (D:6)
  3 kobold demonologists
  10 komodo dragons
  A freezing wraith (Vaults:2)
  23 yaktaurs
  A tormentor (Abyss:3)
  10 tengu conjurers
  A silent spectre (Abyss:3)
  A queen bee (shapeshifter) (D:13)
  24 merfolk
  A hellwing (Abyss:3)
  15 polar bears (IceCv)
  8 trolls
  36 starcursed masses
  3 hornets
  5 wind drakes
  4 glass eyes
  36 blink frogs
  A harpy skeleton (Vaults:1)
  A blink frog (shapeshifter) (Elf:2)
  14 raiju
  8 snapping turtles
  12 dream sheep
  Sigmund (D:2)
  99 slime creatures
  3 spriggans
  A shadow (D:9)
  16 small abominations
  A vampire (D:13)
  8 water elementals
  4 air elementals
  70 yaks
  4 wraiths
  5 ynoxinuls
  4 humans (Shoals:1)
  5 wyverns
  A hog (shapeshifter) (D:14)
  5 neqoxecs
  5 wargs (Orc:1)
  6 golden eyes (Slime:2)
  A steam dragon (Shoals:3)
  9 basilisks
  2 fire elementals (Elf:2)
  A hog (Shoals:1)
  A human (shapeshifter) (Elf:1)
  3 vampire mosquitoes (D:13)
  Edmund (D:6)
  36 nagas
  3 chaos spawn (Lair:5)
  14 water moccasins
  2 acid dragons (D:9)
  A glowing shapeshifter skeleton (Vaults:1)
  3 black bears
  2 ice beasts
  2 sky beasts
  35 orc warriors
  7 ogres
  5 boggarts (D:15)
  A wolf (shapeshifter) (D:15)
  6 wolves
  14 centaurs
  A lemure (D:5)
  A phantom (D:6)
  A weeping skull (Abyss:3)
  6 kobold brigands
  7 bullfrogs
  4 earth elementals
  A gnoll sergeant (D:8)
  2 scorpions
  5 wights
  7 killer bees
  2 howler monkeys
  2 quasits
  6 hounds
  43 orc priests
  A bombardier beetle (D:6)
  6 jellies
  2 iron imps (Abyss:3)
  2 gnoll boudas
  42 orc wizards
  3 sleepcaps
  An iguana (shapeshifter) (Lair:5)
  5 iguanas
  4 adders
  13 gnolls
  A shadow imp (Abyss:3)
  3 white imps
  4 ufetubi
  A dart slug (D:4)
  3 ribbon worms
  77 orcs
  8 ball pythons
  8 endoplasms
  6 giant cockroaches
  10 goblins
  8 hobgoblins
  2 jackals (D:3)
  15 kobolds
  4 quokkas
  6 bats
  6 frilled lizards
  A rat (D:1)
  11 starspawn tentacles
2099 creatures vanquished.

Vanquished Creatures (others)
  Asterion (Snake:1)
  A tengu reaver (Depths:4)
  A deep elf knight (Elf:1)
  A harpy (Shoals:2)
  3 deep elf zephyrmancers
  An orc sorcerer (Orc:1)
  3 tengu conjurers
  A blink frog (Lair:5)
  A neqoxec (Abyss:3)
  An earth elemental (Elf:3)
  An orc wizard (Orc:2)
  4 foxfires (Abyss:3)
  A lurking horror (D:13)
  28 starspawn tentacles
48 creatures vanquished.

Grand Total: 2147 creatures vanquished

Notes
Turn   | Place    | Note
-------+----------+-------------------------------------------
     0 | D:1      | RepHenryClay the Ghoul Gladiator began the quest for the
                  | Orb.
     0 | D:1      | Reached XP level 1. HP: 17/17 MP: 1/1
   172 | D:1      | Reached XP level 2. HP: 22/24 MP: 2/2
   388 | D:1      | Reached skill level 1 in Armour
   540 | D:1      | Found Awebla's Weapon Shop.
   633 | D:1      | Reached XP level 3. HP: 21/29 MP: 3/3
   965 | D:2      | Reached XP level 4. HP: 35/36 MP: 4/4
  1188 | D:2      | Found a shadowy altar of Dithmenos.
  1197 | D:2      | Noticed Sigmund
  1733 | D:3      | Found a faded altar of an unknown god.
  2274 | D:4      | Reached skill level 2 in Armour
  2274 | D:4      | Reached XP level 5. HP: 16/41 MP: 5/5
  2570 | D:4      | Noticed a black bear
  2708 | D:4      | Reached skill level 5 in Maces & Flails
  2873 | D:4      | Reached XP level 6. HP: 39/48 MP: 6/6
  2993 | D:5      | Entered Level 5 of the Dungeon
  3149 | D:5      | Reached skill level 3 in Armour
  3783 | D:5      | Reached XP level 7. HP: 55/55 MP: 7/7
  4827 | D:6      | Found Giburuce's Antique Armour Emporium.
  4864 | D:6      | Reached skill level 4 in Armour
  4871 | D:6      | Noticed Pikel
  5092 | D:6      | Reached XP level 8. HP: 50/61 MP: 8/8
  5160 | D:6      | Noticed Maggie
  5304 | D:6      | Identified the +3 scale mail "Leus" {Fly Regen+ Int+4
                  | Stlth-}
  5469 | D:6      | Noticed Edmund
  5843 | D:6      | Killed Pikel
  5844 | D:6      | Reached skill level 5 in Armour
  5947 | D:7      | Found a staircase to the Ecumenical Temple.
  5957 | Temple   | Entered the Ecumenical Temple
  5980 | Temple   | Became a worshipper of Warmaster Okawaru
  6010 | D:7      | Reached skill level 1 in Invocations
  6091 | D:7      | Found a shadowy altar of Dithmenos.
  6128 | D:7      | Reached XP level 9. HP: 67/67 MP: 11/11
  6448 | D:7      | Found a snail-covered altar of Cheibriados.
  6926 | D:5      | Reached skill level 5 in Invocations
  7326 | D:5      | Reached * piety under Okawaru
  7514 | D:7      | Reached skill level 6 in Armour
  7584 | D:7      | Found a shadowy altar of Dithmenos.
  7782 | D:7      | Found a snail-covered altar of Cheibriados.
  7813 | D:7      | Found a staircase to the Ecumenical Temple.
  8066 | D:8      | Found a bloodstained altar of Trog.
  8315 | D:8      | Found Utarulio's Distillery.
  8346 | D:8      | Bought a potion of heal wounds for 70 gold pieces
  8346 | D:8      | Bought a potion of might for 56 gold pieces
  8516 | D:8      | Found a shimmering altar of Xom.
  8648 | D:8      | Reached skill level 1 in Shields
  8868 | D:8      | Reached XP level 10. HP: 66/73 MP: 13/13
  8969 | D:8      | Found a shimmering altar of Xom.
  8991 | D:8      | Found Utarulio's Distillery.
  9050 | D:8      | Found a bloodstained altar of Trog.
  9373 | D:9      | Identified a scroll of acquirement
  9373 | D:9      | Acquired 394 gold pieces
  9428 | D:8      | Reached ** piety under Okawaru
  9575 | D:9      | Reached skill level 5 in Shields
  9688 | D:9      | Reached skill level 10 in Maces & Flails
  9839 | D:9      | Found a staircase to the Lair.
  9944 | D:8      | Reached skill level 7 in Armour
  9980 | D:8      | Reached *** piety under Okawaru
 10511 | D:10     | Entered Level 10 of the Dungeon
 10658 | D:10     | Noticed an orange demon
 10731 | D:9      | Killed an orange demon
 10732 | D:9      | Reached XP level 11. HP: 63/79 MP: 14/14
 10768 | D:10     | Noticed a sun demon
 10786 | D:9      | Noticed a sun demon
 11035 | D:9      | Reached **** piety under Okawaru
 11244 | D:9      | Reached skill level 5 in Dodging
 11304 | D:10     | Noticed a two-headed ogre
 11317 | D:9      | Reached skill level 8 in Armour
 11720 | D:9      | Noticed a sun demon
 11822 | D:6      | Bought a runed buckler for 187 gold pieces
 11822 | D:6      | Bought a pair of glowing gloves for 187 gold pieces
 11963 | Lair:1   | Entered Level 1 of the Lair of Beasts
 12343 | D:10     | Killed a two-headed ogre
 12385 | D:10     | Noticed Amaemon
 12411 | D:9      | Killed Amaemon
 12470 | D:10     | Identified the +1 mace of Axatulau {freeze, SInv}
 12745 | D:10     | Found a stormy altar of Qazlal.
 12790 | D:10     | Found a sacrificial altar of Ru.
 12864 | D:10     | Noticed an orange crystal statue
 12864 | D:10     | Noticed an orange crystal statue
 13006 | D:10     | Found an ancient bone altar of Kikubaaqudgha.
 13268 | D:2      | Killed Sigmund
 13725 | Lair:1   | Reached XP level 12. HP: 82/89 MP: 15/15
 13751 | Lair:1   | Reached ***** piety under Okawaru
 13777 | Lair:1   | Reached skill level 9 in Armour
 13893 | Lair:1   | Reached skill level 5 in Fighting
 14469 | Lair:2   | Found a staircase to the Snake Pit.
 14652 | Lair:2   | Noticed a catoblepas
 14690 | Lair:2   | Killed a catoblepas
 14956 | Lair:2   | Noticed an eight-headed hydra
 15135 | Lair:2   | Received a gift from Okawaru
 15177 | Lair:2   | Reached skill level 10 in Armour
 15320 | Lair:3   | Found a runed translucent door.
 15320 | Lair:3   | Noticed Deed's ghost (journeyman MiFi)
 15326 | Lair:3   | Identified the +2 trident of the Augurer {heavy, ^Fragile
                  | rPois rN+++ rCorr}
 15549 | Lair:3   | Found a staircase to the Shoals.
 15603 | Lair:3   | Noticed a four-headed hydra
 15619 | Lair:3   | Killed a four-headed hydra
 15620 | Lair:3   | Reached XP level 13. HP: 98/105 MP: 16/16
 16284 | Lair:4   | Reached ****** piety under Okawaru
 16284 | Lair:4   | Received a gift from Okawaru
 16292 | Lair:4   | Acquired a +2 vampiric eveningstar
 16292 | Lair:4   | Received a gift from Okawaru
 16301 | Lair:4   | Acquired the +2 pair of slick slippers {slick, slippery,
                  | EV+4}
 16301 | Lair:4   | Received a gift from Okawaru
 16301 | Lair:4   | Found the +2 pair of slick slippers {slick, slippery, EV+4}
 16516 | Lair:4   | Noticed Nessos
 16525 | Lair:4   | Killed Nessos
 16742 | Lair:4   | Identified the +2 scale mail "Kupin" {rElec}
 17252 | D:6      | Bought a transparent plate armour for 700 gold pieces
 17252 | D:6      | Identified the +9 plate armour of Spite {rElec rPois rN+
                  | Str-3} (You bought it in a shop on level 6 of the Dungeon)
 17403 | Lair:5   | Entered Level 5 of the Lair of Beasts
 17449 | Lair:4   | Received a gift from Okawaru
 17549 | Lair:5   | Reached skill level 11 in Armour
 18044 | Lair:5   | Received a gift from Okawaru
 18487 | Lair:5   | Reached XP level 14. HP: 104/118 MP: 14/17
 18547 | Lair:5   | Reached skill level 5 in Throwing
 18809 | Lair:5   | Received a gift from Okawaru
 19050 | Lair:5   | Found a viscous altar of Jiyva.
 19051 | Lair:5   | Found a staircase to the Slime Pits.
 19248 | Lair:5   | Reached skill level 12 in Armour
 19416 | Lair:5   | Found a corrupted altar of Lugonu.
 19416 | Lair:5   | Found a one-way gate to the infinite horrors of the Abyss.
 19733 | Lair:5   | Identified the +3 ring mail of the Tormentor {rElec rF++
                  | Str+3 Int-5}
 20573 | D:11     | Found a staircase to the Orcish Mines.
 20762 | D:11     | Received a gift from Okawaru
 21219 | Orc:1    | Entered Level 1 of the Orcish Mines
 21433 | Orc:1    | Received a gift from Okawaru
 21583 | Orc:1    | You fall into a shaft and drop 1 floor!
 21583 | Orc:2    | Entered Level 2 of the Orcish Mines
 21583 | Orc:2    | Found a staircase to the Elven Halls.
 21620 | Orc:1    | Reached skill level 13 in Armour
 21908 | Orc:1    | Noticed an orc warlord
 21951 | D:11     | Killed an orc warlord
 22452 | Orc:2    | Received a gift from Okawaru
 22453 | Orc:2    | Reached XP level 15. HP: 101/126 MP: 15/18
 22872 | Orc:2    | Noticed Drazool's ghost (journeyman SpAl)
 22929 | Orc:2    | Found a runed translucent door.
 23561 | Orc:2    | Paralysed by an orc sorcerer for 2 turns
 23668 | Orc:2    | Found Adud's Jewellery Shoppe.
 23668 | Orc:2    | Found Pitsab's Weapon Emporium.
 23668 | Orc:2    | Found Ruaracru's Antique Weapon Shoppe.
 23671 | Orc:2    | Found Jirch's Antique Weapon Emporium.
 23706 | Orc:2    | Bought an amulet of reflection for 450 gold pieces
 24069 | D:6      | Killed Edmund
 24101 | D:6      | Killed Maggie
 24639 | D:12     | Identified the +3 rapier of the Badger {freeze, rElec
                  | rPois}
 24909 | D:12     | Found the +0 toga "Victory" {*Victory Clar}
 24970 | D:12     | Reached skill level 14 in Armour
 25115 | D:12     | Received a gift from Okawaru
 25806 | D:13     | Found a transporter.
 25811 | D:13     | Found a corrupted altar of Lugonu.
 25811 | D:13     | Found the +7 lajatang of Order {silver, rMut}
 25824 | D:13     | Found a portal to a secret trove of treasure.
 26338 | D:13     | Found a transporter.
 26554 | D:13     | Received a gift from Okawaru
 27287 | D:13     | Identified the ring "Qyumimm" {*Slow rC+ rN++ EV+5 SInv}
 27406 | D:14     | Received a gift from Okawaru
 27528 | D:14     | Found a gate to the Vaults.
 27680 | D:14     | You fall into a shaft and drop 1 floor!
 27680 | D:15     | Entered Level 15 of the Dungeon
 28234 | D:15     | Reached skill level 15 in Armour
 28235 | D:15     | Received a gift from Okawaru
 28253 | D:15     | Reached XP level 16. HP: 133/133 MP: 16/19
 28678 | D:15     | Found a sparkling altar of Nemelex Xobeh.
 28694 | D:15     | Found a staircase to the Depths.
 28976 | Snake:1  | Entered Level 1 of the Snake Pit
 29175 | Snake:1  | Received a gift from Okawaru
 29473 | Snake:1  | Found Retun's Antique Weapon Shoppe.
 29473 | Snake:1  | Found Ifecup's Weapon Emporium.
 29483 | Snake:1  | Found Kexoeb's Antique Weapon Shoppe.
 29542 | Snake:1  | Noticed Asterion
 29560 | Snake:1  | Killed Asterion
 29970 | Snake:1  | Reached skill level 15 in Maces & Flails
 30043 | Snake:1  | Reached skill level 16 in Armour
 30048 | Snake:1  | Received a gift from Okawaru
 30088 | Snake:1  | Got the Collected Works on Hindering Malevolent Deeds
 30227 | Snake:2  | Noticed a nagaraja
 30245 | Snake:2  | Killed a nagaraja
 31205 | Snake:2  | Received a gift from Okawaru
 31206 | Snake:2  | Reached XP level 17. HP: 139/139 MP: 20/20
 31292 | Snake:2  | Found Voatuud's Magic Scroll Shoppe.
 31295 | Snake:2  | Bought a scroll of enchant weapon for 127 gold pieces
 31295 | Snake:2  | Bought a scroll of teleportation for 51 gold pieces
 31295 | Snake:2  | Bought a scroll of fear for 68 gold pieces
 31295 | Snake:2  | Bought a scroll of revelation for 127 gold pieces
 31858 | Snake:3  | Reached skill level 10 in Dodging
 32070 | Snake:3  | Reached skill level 10 in Fighting
 32087 | Snake:3  | Identified the +8 quarterstaff "Town" {protect, rElec}
 32475 | Snake:3  | Found Cashar's Tremendous Tomes.
 32627 | Snake:3  | Received a gift from Okawaru
 32891 | Snake:4  | Entered Level 4 of the Snake Pit
 33039 | Snake:4  | Found a glacial archway.
 33043 | Snake:4  | Identified the +0 ring mail of Disguise {Fly rN+ MP+9}
 33057 | IceCv    | Entered an ice cave
 33345 | IceCv    | Reached skill level 17 in Armour
 33470 | IceCv    | Noticed a shard shrike
 33480 | IceCv    | Killed a shard shrike
 33480 | IceCv    | Received a gift from Okawaru
 34057 | Snake:4  | Found a runed translucent door.
 34057 | Snake:4  | Found a shimmering altar of Xom.
 34057 | Snake:4  | Noticed wjtupper's ghost (adept MiHu)
 34207 | Snake:4  | Received a gift from Okawaru
 34504 | Snake:4  | Found Rukiaf's Distillery.
 34531 | Snake:4  | Bought 2 potions of heal wounds for 160 gold pieces
 34531 | Snake:4  | Bought 2 potions of heal wounds for 160 gold pieces
 34536 | Snake:4  | Found Kadd's Weapon Shoppe.
 34536 | Snake:4  | Found Huoch's Jewellery Shop.
 34543 | Snake:4  | Acquired the +1 pair of boots of the Blacksmith {Will+++
                  | Int-5}
 34750 | Snake:4  | Reached XP level 18. HP: 151/151 MP: 23/23
 34884 | Snake:4  | Reached skill level 10 in Throwing
 34930 | Snake:4  | Received a gift from Okawaru
 35017 | Snake:4  | Got a serpentine rune of Zot
 35493 | Shoals:1 | Entered Level 1 of the Shoals
 35516 | Shoals:1 | Noticed Kirke
 35554 | Shoals:1 | Killed Kirke
 35633 | Shoals:1 | Found a runed translucent gate.
 35633 | Shoals:1 | Found a runed translucent gate.
 35633 | Shoals:1 | Found a runed translucent gate.
 35637 | Shoals:1 | Noticed archon2's ghost (adept DEFE)
 35877 | Shoals:1 | Reached skill level 18 in Armour
 36310 | Shoals:2 | Received a gift from Okawaru
 36431 | Shoals:2 | Acquired a manual of Armour
 36457 | Shoals:2 | Found a flickering gateway to a bazaar.
 36462 | Bazaar   | Entered a bazaar
 36479 | Bazaar   | Found Esilaigh's Magic Scroll Shoppe.
 36492 | Bazaar   | Found Qighiuh's Magic Scroll Shoppe.
 36521 | Bazaar   | Found Uhokkeli's Jewellery Emporium.
 36534 | Bazaar   | Found Suar's Weapon Emporium.
 36564 | Bazaar   | Bought a scroll of teleportation for 33 gold pieces
 36564 | Bazaar   | Bought a scroll of teleportation for 33 gold pieces
 36576 | Bazaar   | Bought a scroll of torment for 95 gold pieces
 36576 | Bazaar   | Bought a scroll of blinking for 75 gold pieces
 36596 | Bazaar   | Bought a ring of protection from fire for 225 gold pieces
 36617 | Bazaar   | Bought a scroll of blinking for 82 gold pieces
 36617 | Bazaar   | Bought a scroll of brand weapon for 104 gold pieces
 37401 | Shoals:3 | Noticed Ilsuiw
 37630 | Shoals:3 | Received a gift from Okawaru
 37713 | Shoals:3 | Killed Ilsuiw
 37836 | Shoals:3 | Found Gezajuv's Assorted Antiques.
 38061 | Shoals:3 | Reached skill level 19 in Armour
 38557 | Shoals:4 | Entered Level 4 of the Shoals
 39170 | Shoals:4 | Received a gift from Okawaru
 39369 | Shoals:4 | Reached XP level 19. HP: 156/162 MP: 21/24
 39394 | Shoals:4 | Got a barnacled rune of Zot
 40489 | Vaults:1 | Entered Level 1 of the Vaults
 40658 | Vaults:1 | Reached skill level 20 in Armour
 40668 | Vaults:1 | Received a gift from Okawaru
 40839 | Vaults:1 | Noticed Norris
 40886 | Vaults:1 | Found a magical portal.
 40898 | WizLab   | Entered Lehudib's Moon Base
 41088 | WizLab   | Found a transporter.
 41490 | WizLab   | Received a gift from Okawaru
 41948 | WizLab   | Paralysed by accursed screaming for 1 turns
 42516 | WizLab   | Found a transporter.
 42530 | WizLab   | Reached skill level 21 in Armour
 42530 | WizLab   | Identified the +3 hat of True Grit {MP+9 Str+3 Int+4}
 43411 | WizLab   | Received a gift from Okawaru
 43418 | WizLab   | Identified the ring "Ageuj" {rN+ Dex+5}
 43721 | WizLab   | Got Lehudib's Parchment of Elliptic Scree
 44137 | WizLab   | Identified the ring "Iptyrph" {rF+ Dex+5 SInv}
 44138 | WizLab   | Identified the ring of Ablaniarorph {Fly rC+ Int+2}
 44270 | Vaults:1 | Reached XP level 20. HP: 173/173 MP: 27/27
 44711 | Vaults:1 | Received a gift from Okawaru
 44840 | Vaults:1 | Killed Norris
 45609 | Vaults:1 | Reached skill level 10 in Invocations
 45625 | Vaults:1 | Reached skill level 1 in Evocations
 45921 | Vaults:2 | Noticed Boris
 45948 | Vaults:1 | Killed Boris
 46000 | Vaults:2 | Noticed Saint Roka
 46185 | Vaults:1 | Killed Saint Roka
 46185 | Vaults:1 | Received a gift from Okawaru
 46614 | Vaults:2 | Found Idedior's Weapon Shoppe.
 46731 | Vaults:2 | Found a staircase to the Crypt.
 47591 | Vaults:2 | Received a gift from Okawaru
 47926 | Vaults:3 | Reached skill level 22 in Armour
 48007 | Vaults:3 | Reached skill level 15 in Fighting
 48012 | Vaults:3 | Reached XP level 21. HP: 184/184 MP: 28/28
 48361 | Vaults:2 | Received a gift from Okawaru
 48598 | Vaults:3 | Reached skill level 5 in Evocations
 48942 | Vaults:3 | Received a gift from Okawaru
 49885 | Vaults:4 | Noticed Donald
 49896 | Vaults:4 | Killed Donald
 50156 | Vaults:4 | Identified the +0 chain mail "Bitiodarch" {rElec Regen+
                  | Int+2 Stlth+}
 50333 | Vaults:4 | Noticed Boris
 50355 | Vaults:4 | Killed Boris
 50355 | Vaults:4 | Received a gift from Okawaru
 51016 | Depths:1 | Entered Level 1 of the Depths
 51318 | Depths:1 | Found a gateway to Hell.
 51829 | Depths:1 | Reached XP level 22. HP: 195/195 MP: 29/29
 51940 | Depths:1 | Found a one-way gateway to a ziggurat.
 51992 | Depths:1 | Received a gift from Okawaru
 52923 | Snake:4  | Bought the ring of Surprise {Fly rPois rCorr Str-2} for 421
                  | gold pieces
 53441 | Depths:1 | Found Unumou's Book Boutique.
 53441 | Depths:1 | Found Osinid's Jewellery Shoppe.
 53442 | Depths:1 | Found Qeumephu's Jewellery Shoppe.
 53468 | Depths:1 | Found a one-way gate leading to the halls of Pandemonium.
 54324 | Depths:2 | Received a gift from Okawaru
 54667 | Depths:2 | Acquired 423 gold pieces
 54727 | Depths:2 | Reached skill level 10 in Evocations
 54822 | Depths:2 | Found Dufaxiof's Jewellery Boutique.
 54992 | Depths:2 | Got the Discursus on Hazy Allies
 55128 | Depths:3 | Noticed a golden dragon
 55165 | Depths:2 | Killed a golden dragon
 55284 | Depths:3 | Reached skill level 10 in Shields
 55495 | Depths:3 | Received a gift from Okawaru
 56255 | Depths:3 | Found an ancient bone altar of Kikubaaqudgha.
 56277 | Depths:3 | Noticed a juggernaut
 56428 | Depths:3 | Received a gift from Okawaru
 56639 | Depths:3 | Killed a juggernaut
 56640 | Depths:3 | Reached XP level 23. HP: 183/202 MP: 30/30
 57088 | Depths:4 | Entered Level 4 of the Depths
 57512 | Depths:4 | Received a gift from Okawaru
 58053 | Depths:4 | Reached skill level 15 in Shields
 58080 | Depths:4 | Received a gift from Okawaru
 58557 | Depths:4 | Found a gate to the Realm of Zot.
 59087 | Elf:1    | Entered Level 1 of the Elven Halls
 59264 | Elf:1    | Got Dokhunox's Reference Book on Arcane Weapons
 59440 | Elf:1    | Received a gift from Okawaru
 59555 | Elf:1    | Found a runed translucent door.
 59558 | Elf:1    | Noticed DocClef's ghost (adept GnFi)
 60018 | Elf:2    | Paralysed by an air elemental for 1 turns
 60024 | Elf:2    | Paralysed by an air elemental for 1 turns
 60269 | Elf:2    | Found a runed translucent gate.
 60270 | Elf:2    | Found a runed translucent gate.
 60270 | Elf:2    | Found a runed translucent gate.
 60297 | Elf:2    | Reached XP level 24. HP: 214/214 MP: 30/30
 60589 | Abyss:2  | Cast into level 2 of the Abyss (+3 hand axe of distortion)
 60736 | Abyss:2  | Received a gift from Okawaru
 61140 | Elf:2    | Escaped the Abyss
 61460 | Elf:2    | Received a gift from Okawaru
 62474 | Snake:2  | Bought a scroll of brand weapon for 161 gold pieces
 63113 | Orc:2    | Killed Drazool's ghost
 63529 | D:13     | You paid a toll of a +6 demon whip to enter a treasure
                  | trove
 63530 | Trove    | Entered a treasure trove
 63537 | Trove    | Identified the +1 leather armour "Waytt" {Harm Str+4}
 63538 | Trove    | Identified the +1 plate armour of Qacs {Rampage rC+ Str+3
                  | Dex-5}
 63539 | Trove    | Identified the +5 ring mail of Ru's Anger {Rampage}
 63540 | Trove    | Identified the +0 pair of gloves "Zatac" {rCorr}
 63543 | Trove    | Identified the +0 hat of Hadjma {Fly}
 63545 | Trove    | Identified the +2 robe "Nunuazor" {*Slow Str+6 Dex-2}
 63546 | Trove    | Identified the +0 helmet "Iwoin" {rC+ Int+9}
 63551 | Trove    | Identified the +4 pair of gloves of Elimafos {rF+}
 63826 | Elf:3    | Entered Level 3 of the Elven Halls
 64053 | Elf:3    | Found Gulutenled's Weapon Shop.
 64391 | Elf:3    | Identified the +4 mace of Okut Qio {elec, ^Drain rC++ rN+++
                  | Str-4}
 64637 | Elf:3    | Identified the +3 plate armour "Teniemibb" {rF+}
 64641 | Elf:3    | Identified the ring of Buxai {Will+ AC+4}
 64767 | Elf:3    | Identified the +0 leather armour "Qetiutaege" {rElec Int+3}
 64923 | Elf:3    | Received a gift from Okawaru
 65049 | Elf:3    | Identified the +4 halberd of the Crawling Thing {drain, rC+
                  | Str+2}
 65073 | Elf:3    | Found the +6 lightning scales {swift, rElec}
 65088 | Elf:3    | Identified the staff "Dicicze" {Fly rElec Air}
 65099 | Elf:3    | Got the Disquisition on Attacks and Firn
 65106 | Elf:3    | Identified the staff of the Tooth {rPois Will++ Alchemy}
 65365 | Elf:3    | Found Gulutenled's Weapon Shop.
 66039 | Depths:3 | Voluntarily entered the Abyss.
 66039 | Abyss:3  | Found a corrupted altar of Lugonu.
 66195 | Abyss:3  | Noticed a dread lich
 66215 | Abyss:3  | Killed a dread lich
 66425 | Abyss:3  | Found a corrupted altar of Lugonu.
 66429 | Abyss:3  | Found a blossoming altar of Fedhas.
 66462 | Depths:3 | Escaped the Abyss
 66536 | Depths:3 | Voluntarily entered the Abyss.
 66648 | Abyss:3  | Found a viscous altar of Jiyva.
 66719 | Abyss:3  | Found a corrupted altar of Lugonu.
 66804 | Abyss:3  | Received a gift from Okawaru
 66847 | Abyss:3  | Reached XP level 25. HP: 219/231 MP: 30/30
 66851 | Depths:3 | Escaped the Abyss
 67213 | Slime:1  | Entered Level 1 of the Pits of Slime
 67293 | Slime:1  | You fall into a shaft and drop 1 floor!
 68325 | Slime:3  | Received a gift from Okawaru
 68395 | Slime:3  | Reached skill level 15 in Throwing
 69425 | Slime:5  | Entered Level 5 of the Pits of Slime
 69425 | Slime:5  | Found the ring of the Tortoise {AC+8}
 69856 | Slime:5  | Noticed the Royal Jelly
 69938 | Arena    | Entered the Arena
 69948 | Arena    | Killed the Royal Jelly
 69948 | Arena    | Received a gift from Okawaru
 70021 | Slime:5  | Identified the amulet of Ceut {rElec rPois Regen+ Str-5}
 70039 | Slime:5  | Identified the orb "Fifiomn" {*channel, -Tele rN+ Dex+3}
 70146 | Slime:5  | Got Sif Muna's Quarto of Obstruction
 70147 | Slime:5  | Identified the +0 ring mail "Aduir" {-Cast rF+ Str+2}
 70154 | Slime:5  | Got a slimy rune of Zot
 70157 | Slime:5  | Identified the ring "Feer" {Ice +Blink Will+++ Str-3 SInv}
 70181 | Slime:5  | Identified the +0 scale mail "Hahih" {rF++ Str+3 Stlth-}
 70183 | Slime:5  | Identified the +3 rapier "Cosafota" {flame, Int+4}
 70186 | Slime:5  | Identified the +1 leather armour "Bokkeocy" {-Cast Rampage
                  | +Inv rPois}
 71091 | Zot:1    | Entered Level 1 of the Realm of Zot
 71504 | Zot:1    | Received a gift from Okawaru
 71687 | Zot:1    | Found a transporter.
 71687 | Zot:1    | Noticed GloriousHammer's ghost (master FoDe)
 71687 | Zot:1    | Noticed a dread lich
 71692 | Zot:1    | Found a transporter.
 71756 | Zot:1    | Identified the +8 steam dragon scales of Xotugh {Harm
                  | Regen+ rCorr}
 72065 | Zot:1    | Learned a level 2 spell: Blink
 72099 | Zot:2    | Reached skill level 1 in Translocations
 72101 | Zot:2    | HP: 4/237 [tentacled monstrosity (8)]
 72102 | Zot:2    | Mangled by a tentacled monstrosity

Illustrated notes

Levels and vault maps discovered:
D:1:      zelgadis_glass_arrival_small, layout_loops_ring, serial_shops,
          nicolae_shop_tiny_real_fake_doors
D:2:      minmay_alternating_diamond, layout_loops_ring, basic_altar,
          uniq_sigmund
D:3:      minmay_spotlight, layout_loops_ring,
          chequers_ecumenical_altar_simple_redux, columned_hall_lemuel
D:4:      layout_basic, minmay_misc_feat_nine_boxes, minmay_misc_feat_encased,
          minmay_cut_off
D:5:      layout_rooms, nicolae_elevator_lobby_plus
D:6:      hellmonk_crumbling_castle, layout_basic, serial_shops,
          nicolae_stop_n_shop_1, uniq_pikel, uniq_maggie, uniq_edmund
D:7:      layout_cave_pools, mainiacjoe_overflow_24_doors,
          nicolae_dithmenos_through_a_glass_darkly, minmay_temple_entry_ruins,
          minmay_misc_feat_tiny
D:8:      layout_cave_pools, trog_three_pillars_becter,
          mainiacjoe_overflow_catwalk_spiral, serial_shops, shop
D:9:      layout_cave_pools, minmay_lair_entry_grove, serial_rivers,
          chequers_serial_rivers_room_a, chequers_serial_rivers_micro_e,
          chequers_serial_rivers_large_b, chequers_serial_rivers_room_b,
          chequers_serial_rivers_micro_c, enter_bailey_3
D:10:     minmay_four_partial_circles, layout_basic, grunt_qazlal_clouds,
          lemuel_round_altar, nicolae_ru_sacrificial_ziggurat, david_greed,
          uniq_amaemon
D:11:     layout_roguey, hiddenorc1_lemuel
D:12:     layout_stronghold, serial_column_ruins, column_ruins_grid_3,
          column_ruins_grid_1, column_ruins_open_tiny, column_ruins_grid_3,
          column_ruins_open_tiny, serial_bayou_pond_c
D:13:     gammafunk_corrupted_shrine, layout_layer_cave, enter_trove_0
D:14:     layout_rooms, hellmonk_vaults_attempted_burglary, grunt_decor_cap
D:15:     hangedman_depths_entry_civil_slaughter, layout_cave_pools,
          nemelex_diamond_rough_becter
Temple:   jpeg_temple_clearing
Lair:1:   layout_gridlike
Lair:2:   layout_long_grid, minmay_snake_entry_guardpost_small,
          grunt_megastairs_5
Lair:3:   layout_roguey, minmay_shoals_entry_centaurs,
          ebering_ghost_funeral_grove
Lair:4:   layout_roguey, uniq_nessos
Lair:5:   hellmonk_lair_end_abyssal_woods, layout_cave_pods, slime_entry_2,
          grunt_megastairs_4, infiniplex_staircase_pool_2
Shoals:1: layout_shoals, ebering_ghost_rock_garden, uniq_kirke
Shoals:2: layout_shoals, serial_shops, bzr_entry_road,
          nicolae_shoals_arrival_archipelago
Shoals:3: layout_shoals, serial_shops, shop,
          nicolae_shoals_siren_and_animal_friends, uniq_ilsuiw
Shoals:4: shoals_end_simple, layout_shoals, nicolae_shoals_goliath_grotto
Snake:1:  nicolae_snake_attic_fulla_snakes, layout_gridlike,
          nicolae_snake_omega, minmay_shop_star, uniq_asterion
Snake:2:  layout_grid_maze, serial_shops, nicolae_shop_real_fake_doors
Snake:3:  layout_onion, nicolae_shop_i_like_big_books
Snake:4:  snake_pit, layout_grid_maze, ebering_ghost_xom,
          portal_ice_cave_entry_dragon, basic_altar,
          nicolae_snake_serpentine_bazaar
Slime:1:  layout_caves, cheibrodos_slime_lost_civilization_5
Slime:2:  layout_caves
Slime:3:  layout_caves
Slime:4:  layout_caves
Slime:5:  slime_pit_nicolae_jellycorners
Orc:1:    layout_caves
Orc:2:    st_orc_mages, layout_diamond_mine, hellmonk_ghost_happy_afterlife
Elf:1:    eino_elf_arrival_sip, layout_loops_ring, ebering_ghost_inner_flame,
          minmay_elf_annihilation, corexii_leaking_fountain,
          hangedman_elven_ridges
Elf:2:    nicolae_elf_blades_crystal_corner, layout_geoelf_diagonals,
          hex_medium, minmay_misc_feat_ornament
Elf:3:    grunt_elf_hall_asides, layout_loops_cross, serial_shops,
          nicolae_shop_bloodbath_and_beyond
Vaults:1: infiniplex_enter_wizlab_water, nicolae_vaults_diamond_2,
          nicolae_vaults_heart-shaped_vault, v_misc_30, special_room_vaults
          [special_room_orc], nicolae_vaults_storage_closets_3, v_misc_3,
          nicolae_vaults_trapezoid_lopsided_3, vaults_room_corners,
          nicolae_vaults_yaktaur_gun_rack, layout_vaults_omnigrid, uniq_norris
Vaults:2: nicolae_vaults_offset_grid_hallway_4,
          minmay_crypt_entry_simple_sparse, nicolae_vaults_three_branches,
          nicolae_vaults_double_plus_2, hangedman_vaults_stretched_pinwheel,
          nicolae_vaults_swerve, hangedman_vaults_unwind,
          nicolae_vaults_layer_cake_slice, hangedman_vaults_snaps,
          hangedman_vaults_trim, vaults_mumra_lcd, vaults_room_fours,
          nicolae_vaults_octothorpe, nicolae_vaults_mini_display_case,
          layout_vaults_ring, serial_shops, nicolae_shop_peninsula,
          uniq_saint_roka, uniq_margery, uniq_boris
Vaults:3: nicolae_vaults_mitosis, nicolae_vaults_trapezoid_lopsided_3,
          hangedman_vaults_pinch, hangedman_vaults_stitches, v_rooms_4,
          nicolae_vaults_little_squares_1, st_more_cells,
          nicolae_vaults_diagonal_hallway_9, nicolae_vaults_border_crossing,
          nicolae_vaults_storage_closets_2, nicolae_vaults_storage_room_statues,
          vaults_room_pools, vaults_dpeg_ring, layout_vaults_maze_snakey
Vaults:4: v_misc_33, nicolae_vaults_trapezoid_1,
          nicolae_vaults_diagonal_hallway_6, nicolae_vaults_closet_pinwheel_5,
          nicolae_vaults_diagonal_hallway_8, vaults_room_fours,
          ontoclasm_vaults_ligature, ontoclasm_vaults_misaligned,
          nicolae_vaults_little_squares_2, ontoclasm_vaults_decontamination,
          nicolae_vaults_prndl, layout_vaults_big_room, uniq_donald
Depths:1: layout_cross, enter_ziggurat_f, rand_demon_pan_entry_1,
          grunt_hell_entry_dis_mu, minmay_misc_feat_room,
          minmay_misc_feat_tower, minmay_variable_closet,
          hangedman_abyss_or_decor_jellyfish_corner, horrible_house_mu,
          grunt_megastairs_2, minmay_shop_grove
Depths:2: dreamdust_tengu_aerie, layout_cave_pools,
          infiniplex_staircase_squiggle, serial_shops,
          nicolae_shop_gaudy_bauble, grunt_pan_entry_spiral, hell_entry
Depths:3: minmay_bloctagon_deflated, layout_gridville,
          nicolae_hell_entry_hellmouth_sunbeams, abyss_entry_crystal,
          kiku_gazebo_garden_becter
Depths:4: grunt_zot_entry_gee_three, layout_gridlike, hell_entry, abyss_entry,
          pan_entry, nicolae_tricolors, serial_bayou_shore_b
Zot:1:    layout_misc_corridors, gammafunk_ghost_mausoleum,
          nicolae_zig_zag_zippers
Zot:2:    layout_twisted_circle, zot_minivault_7

Skill      XL: |  1  2  3  4  5  6  7  8  9 10 11 12 13 14 15 16 17 18 19 20 21 22 23 24 25 |
---------------+----------------------------------------------------------------------------+-----
Maces & Flails | 3 4 5 7 8 9 11 12 14 15 16 | 16.0
Armour         | 1 2 3 4 5 6 7 8 10 11 13 15 16 17 19 21 22 | 22.1
Invocations    | 3 5 7 9 10 | 10.0
Shields        | 2 5 6 12 15 | 15.0
Dodging        | 4 6 8 9 10 12 13 14 | 14.7
Fighting       | 3 7 9 11 12 13 15 16 17 19 21 | 21.8
Throwing       | 4 8 9 10 11 14 16 | 16.0
Evocations     | 4 8 10 | 10.0
Translocations | 1 |  1.1

Action                     |  1- 3 |  4- 6 |  7- 9 | 10-12 | 13-15 | 16-18 | 19-21 | 22-24 | 25-27 || total
---------------------------+-------+-------+-------+-------+-------+-------+-------+-------+-------++-------
  Melee: Flail             |    79 |   207 |   452 |   599 |       |       |       |       |       ||  1337
         Punch             |       |     2 |     7 |       |       |       |       |       |       ||     9
         Demon whip        |       |       |       |   454 |  1544 |   172 |    88 |       |       ||  2258
         Eveningstar       |       |       |       |       |   597 |  1940 |  2277 |  3007 |   983 ||  8804
         Mace              |       |       |       |       |    11 |       |       |       |       ||    11
  Throw: Dart              |       |     5 |    10 |    48 |    29 |     6 |    31 |       |       ||   129
         Javelin           |       |       |       |     1 |     3 |     3 |     4 |       |     2 ||    13
         Throwing net      |       |       |       |     1 |       |       |       |       |       ||     1
 Invoke: Heroism           |       |       |     1 |    13 |    13 |     6 |    14 |     7 |     3 ||    57
         Receive Weapon    |       |       |       |       |     1 |       |       |       |       ||     1
         Receive Armour    |       |       |       |       |     1 |       |       |       |       ||     1
         Finesse           |       |       |       |       |       |     1 |     2 |       |     1 ||     4
         Duel              |       |       |       |       |       |       |       |       |     1 ||     1
  Evoke: Wand              |       |       |     1 |    17 |     1 |       |     7 |     1 |       ||    27
         Condenser vane    |       |       |       |       |       |     1 |     2 |       |     1 ||     4
         Lightning rod     |       |       |       |       |       |       |     1 |       |       ||     1
    Use: Potion            |       |     5 |       |     2 |     5 |     5 |    10 |       |       ||    27
         Scroll            |       |       |     9 |    11 |    11 |    13 |     7 |    14 |     6 ||    71
   Stab: Invisible         |       |       |       |     1 |     2 |       |     1 |       |       ||     4
         Distracted        |       |       |       |       |     1 |       |       |       |     1 ||     2
 Armour: Ring mail         |    26 |       |       |       |       |       |       |       |       ||    26
         Leather armour    |     4 |       |       |       |       |       |       |       |       ||     4
         Scale mail        |     5 |       |   338 |   587 |    29 |       |       |       |       ||   959
         Chain mail        |    19 |   171 |   104 |       |       |       |       |       |       ||   294
         Plate armour      |       |       |       |       |   797 |  1123 |  1161 |  1229 |   591 ||  4901
         Robe              |       |       |       |       |    13 |       |       |       |       ||    13
  Dodge: Dodged            |    38 |   111 |   251 |   402 |  1115 |  1213 |  1304 |  1376 |   524 ||  6334
  Block: Buckler           |       |       |     2 |   258 |   743 |  1239 |  1074 |       |       ||  3316
         Reflection        |       |       |       |       |    30 |   107 |    37 |    84 |     4 ||   262
         Kite shield       |       |       |       |       |       |       |   299 |  2476 |   789 ||  3564
